SL
GRAFTON MIDDIES @ PHOENIX HOTSPUR
09/12/2023
 
TOP OF THE 1ST
Grafton Middies batting - Pitching for Phoenix Hotspur : RHP Jeff Dixon
Pitching: RHP Jeff Dixon
Batting: RHB Stewart Ralston 0-0: Called Strike
0-1: Ball
1-1: Ball
2-1: Ball
3-1: Fly out, F8 (Flyball, 8RXD)
Batting: RHB Scotty Anderson 0-0: Fly out, F3 (Popup, 23F)
Batting: LHB Mario Ramos 0-0: Ball
1-0: Foul Ball, location: 2F
1-1: Called Strike
1-2: SOLO HOME RUN (Flyball, 89XD), Distance : 429 ft
Batting: RHB Stefano Gaddi 0-0: Ball
1-0: Called Strike
1-1: Called Strike
1-2: Ball
2-2: Ball
3-2: Foul Ball, location: 2F
3-2: Base on Balls
Batting: RHB Mark Davis 0-0: Ball
1-0: Foul Ball, location: 2F
1-1: Called Strike
1-2: Ball
2-2: Fielders Choice at 2nd, U6 (Groundball, 6M)
Top of the 1st over - 1 run(s), 1 hit(s), 0 error(s), 1 left on base; Grafton 1 - Phoenix 0
BOTTOM OF THE 1ST
Phoenix Hotspur batting - Pitching for Grafton Middies : LHP Allen Yohemas
Pitching: LHP Allen Yohemas
Batting: LHB Arthur Ryan 0-0: Called Strike
0-1: Ball
1-1: Ball
2-1: Called Strike
2-2: Foul Ball, location: 2F
2-2: Ball
3-2: Ground out 4-3 (Groundball, 34)
Batting: LHB Dave Knight 0-0: Ball
1-0: Ball
2-0: Foul Ball, location: 2F
2-1: SINGLE (Flyball, 89S)
Batting: RHB Satoshi Terada 0-0: Called Strike
0-1: Grounds into double play, 5-4-3 (Groundball, 56)
Bottom of the 1st over - 0 run(s), 1 hit(s), 0 error(s), 0 left on base; Grafton 1 - Phoenix 0
TOP OF THE 2ND
Grafton Middies batting - Pitching for Phoenix Hotspur : RHP Jeff Dixon
Batting: RHB Pedro Santos 0-0: Called Strike
0-1: TRIPLE (Line Drive, 89D)
Batting: SHB Curt Finley 0-0: Ball
1-0: Called Strike
1-1: Fly out, F7 (Flyball, 7M)
Runner from 3rd tags up, SCORES, no throw
Batting: RHB José Álvarez 0-0: Called Strike
0-1: Ball
1-1: Swinging Strike
1-2: Foul Ball, location: 2F
1-2: Fly out, F2 (Popup, 2RF)
Batting: SHB Jack MacAsgill 0-0: Called Strike
0-1: Ball
1-1: Foul Ball, location: 2F
1-2: Foul Ball, location: 2F
1-2: Ball
2-2: Ball
3-2: SINGLE (Line Drive, 9LS)
Batting: RHB Stewart Ralston 0-0: Ball
1-0: Called Strike
1-1: Fly out, F7 (Flyball, 78M)
Top of the 2nd over - 1 run(s), 2 hit(s), 0 error(s), 1 left on base; Grafton 2 - Phoenix 0
BOTTOM OF THE 2ND
Phoenix Hotspur batting - Pitching for Grafton Middies : LHP Allen Yohemas
Batting: RHB John Moore 0-0: Ball
1-0: Called Strike
1-1: Ball
2-1: Foul Ball, location: 2F
2-2: Ground out 6-3 (Groundball, 56)
Batting: RHB Gabriel Pérez 0-0: Called Strike
0-1: Ball
1-1: Ball
2-1: Swinging Strike
2-2: Strikes out swinging, 2-3 out at first.
Batting: RHB Martín Martínez 0-0: Swinging Strike
0-1: Foul Ball, location: 2F
0-2: Ball
1-2: Foul Ball, location: 2F
1-2: Ground out 1-3 (Groundball, 13)
Bottom of the 2nd over - 0 run(s), 0 hit(s), 0 error(s), 0 left on base; Grafton 2 - Phoenix 0
TOP OF THE 3RD
Grafton Middies batting - Pitching for Phoenix Hotspur : RHP Jeff Dixon
Batting: RHB Scotty Anderson 0-0: Ground out 6-3 (Groundball, 6M)
Batting: LHB Mario Ramos 0-0: Ball
1-0: Ball
2-0: Called Strike
2-1: Foul Ball, location: 2F
2-2: DOUBLE (Flyball, 89D)
Batting: RHB Stefano Gaddi 0-0: Ball
1-0: Ground out 5-3 (Groundball, 56)
Batting: RHB Mark Davis 0-0: Swinging Strike
0-1: Fly out, F9 (Flyball, 9M)
Top of the 3rd over - 0 run(s), 1 hit(s), 0 error(s), 1 left on base; Grafton 2 - Phoenix 0
BOTTOM OF THE 3RD
Phoenix Hotspur batting - Pitching for Grafton Middies : LHP Allen Yohemas
Batting: RHB Alfredo Martínez 0-0: Called Strike
0-1: Ground out 5-3 (Groundball, 5L)
Batting: RHB António Padilla 0-0: Ball
1-0: Ball
2-0: Called Strike
2-1: Ball
3-1: Swinging Strike
3-2: Fly out, F6 (Popup, 6MD)
Batting: LHB Rubén López 0-0: Ball
1-0: Swinging Strike
1-1: Ball
2-1: Foul Ball, location: 2F
2-2: Strikes out looking
Bottom of the 3rd over - 0 run(s), 0 hit(s), 0 error(s), 0 left on base; Grafton 2 - Phoenix 0
TOP OF THE 4TH
Grafton Middies batting - Pitching for Phoenix Hotspur : RHP Jeff Dixon
Batting: RHB Pedro Santos 0-0: TRIPLE (Groundball, 3L)
Batting: SHB Curt Finley 0-0: Foul Ball, location: 2F
0-1: Called Strike
0-2: Strikes out swinging
Batting: RHB José Álvarez 0-0: Called Strike
0-1: Ball
1-1: Ball
2-1: Foul Ball, location: 2F
2-2: Ball
3-2: Fly out, F8 (Flyball, 89D)
Runner from 3rd tags up, SCORES, no throw
Batting: SHB Jack MacAsgill 0-0: Called Strike
0-1: Ball
1-1: Ball
2-1: Ball
3-1: Base on Balls
Batting: RHB Stewart Ralston 0-0: Called Strike
0-1: Swinging Strike
0-2: Fly out, F8 (Flyball, 8RM)
Top of the 4th over - 1 run(s), 1 hit(s), 0 error(s), 1 left on base; Grafton 3 - Phoenix 0
BOTTOM OF THE 4TH
Phoenix Hotspur batting - Pitching for Grafton Middies : LHP Allen Yohemas
Batting: LHB Arthur Ryan 0-0: Ball
1-0: Ball
2-0: Ball
3-0: Called Strike
3-1: Foul Ball, location: 2F
3-2: Foul Ball, location: 2F
3-2: Fly out, F8 (Flyball, 8LM)
Batting: LHB Dave Knight 0-0: Foul Ball, location: 2F
0-1: Swinging Strike
0-2: Ball
1-2: Foul Ball, location: 2F
1-2: Ball
2-2: Ball
3-2: Foul Ball, location: 2F
3-2: Strikes out swinging
Batting: RHB Satoshi Terada 0-0: Swinging Strike
0-1: Ball
1-1: Swinging Strike
1-2: DOUBLE (Flyball, 78D) - OUT at third base trying to stretch hit.
Bottom of the 4th over - 0 run(s), 1 hit(s), 0 error(s), 0 left on base; Grafton 3 - Phoenix 0
TOP OF THE 5TH
Grafton Middies batting - Pitching for Phoenix Hotspur : RHP Jeff Dixon
Batting: RHB Scotty Anderson 0-0: Ball
1-0: Fly out, F7 (Line Drive, 7S)
Pitching: RHP Scott William
Batting: LHB Mario Ramos 0-0: Ball
1-0: Ball
2-0: DOUBLE (Line Drive, 7LS)
Batting: RHB Stefano Gaddi 0-0: Called Strike
0-1: 2-RUN HOME RUN (Line Drive, 89XD), Distance : 434 ft
Batting: RHB Mark Davis 0-0: Ball
1-0: Foul Ball, location: 2F
1-1: Ball
2-1: SINGLE (Line Drive, 56D)
Batting: RHB Pedro Santos 0-0: Called Strike
0-1: Swinging Strike
0-2: Foul Ball, location: 2F
0-2: Ball
1-2: Ball
2-2: Ground out 5-3 (Groundball, 5S)
Mark Davis to second
Batting: SHB Curt Finley 0-0: Ball
1-0: Called Strike
1-1: SINGLE (Line Drive, 8RS)
Mark Davis to third
Runner from 3rd tries for Home, SAFE, throw made home
Curt Finley to second
Pitching: RHP Alin Oanta
Batting: RHB José Álvarez 0-0: Called Strike
0-1: Swinging Strike
0-2: Foul Ball, location: 2F
0-2: Ball
1-2: Ball
2-2: SINGLE (Groundball, 56)
Curt Finley to third
Runner from 3rd tries for Home, SAFE, no throw or cutoff
Batting: SHB Jack MacAsgill 0-0: Ball
1-0: Foul Ball, location: 2F
1-1: Swinging Strike
1-2: Ball
2-2: Ground out U3 (Groundball, 3S)
Top of the 5th over - 4 run(s), 5 hit(s), 0 error(s), 1 left on base; Grafton 7 - Phoenix 0
BOTTOM OF THE 5TH
Phoenix Hotspur batting - Pitching for Grafton Middies : LHP Allen Yohemas
Batting: RHB John Moore 0-0: Ground out 4-3 (Groundball, 6M)
Batting: RHB Gabriel Pérez 0-0: Called Strike
0-1: Ball
1-1: Foul Ball, location: 2F
1-2: Strikes out looking
Batting: RHB Martín Martínez 0-0: Ball
1-0: Ball
2-0: TRIPLE (Line Drive, 89XD)
Batting: RHB Alfredo Martínez 0-0: Ball
1-0: Called Strike
1-1: Called Strike
Steal of home, Martín Martínez is out
Bottom of the 5th over - 0 run(s), 1 hit(s), 0 error(s), 0 left on base; Grafton 7 - Phoenix 0
TOP OF THE 6TH
Grafton Middies batting - Pitching for Phoenix Hotspur : RHP Alin Oanta
Batting: RHB Stewart Ralston 0-0: Ball
1-0: Foul Ball, location: 2F
1-1: Ball
2-1: Swinging Strike
2-2: Strikes out swinging
Batting: RHB Scotty Anderson 0-0: Foul Ball, location: 2F
0-1: Called Strike
0-2: Strikes out looking
Batting: LHB Mario Ramos 0-0: Ball
1-0: Ball
2-0: SINGLE (Groundball, 34D)
Batting: RHB Stefano Gaddi 0-0: Ball
1-0: Ball
2-0: Called Strike
2-1: Ground out 5-3 (Groundball, 5S)
Top of the 6th over - 0 run(s), 1 hit(s), 0 error(s), 1 left on base; Grafton 7 - Phoenix 0
BOTTOM OF THE 6TH
Phoenix Hotspur batting - Pitching for Grafton Middies : LHP Allen Yohemas
Batting: RHB Alfredo Martínez 0-0: Ball
1-0: Fly out, F8 (Flyball, 8RXD)
Batting: RHB António Padilla 0-0: Ball
1-0: Foul Ball, location: 2F
1-1: Ball
2-1: Reached on error, E1 (Groundball, 15)
Batting: LHB Rubén López 0-0: Foul Ball, location: 2F
0-1: Swinging Strike
0-2: Foul Ball, location: 2F
0-2: Ball
1-2: Grounds into double play, 6-4-3 (Groundball, 6)
Bottom of the 6th over - 0 run(s), 0 hit(s), 1 error(s), 0 left on base; Grafton 7 - Phoenix 0
TOP OF THE 7TH
Grafton Middies batting - Pitching for Phoenix Hotspur : RHP Alin Oanta
Batting: RHB Mark Davis 0-0: Called Strike
0-1: Ball
1-1: Swinging Strike
1-2: Strikes out swinging
Batting: RHB Pedro Santos 0-0: SINGLE (Groundball, 5S) (infield hit)
Batting: SHB Curt Finley 0-0: Ball
1-0: Swinging Strike
1-1: Called Strike
1-2: Foul Ball, location: 2F
1-2: Strikes out swinging
Batting: RHB José Álvarez 0-0: Ball
1-0: Swinging Strike
1-1: Swinging Strike
1-2: DOUBLE (Line Drive, 7LS)
Pedro Santos to third
Runner from 3rd tries for Home, SAFE, no throw or cutoff
Batting: SHB Jack MacAsgill 0-0: Called Strike
0-1: Ball
1-1: Ball
2-1: Ball
3-1: Called Strike
3-2: Base on Balls
Batting: RHB Stewart Ralston 0-0: Ball
1-0: Ball
2-0: Ball
3-0: Called Strike
3-1: Base on Balls
José Álvarez to third
Jack MacAsgill to second
Batting: RHB Scotty Anderson 0-0: Ball
1-0: Foul Ball, location: 2F
1-1: Ball
2-1: Ball
3-1: Swinging Strike
3-2: Base on Balls
José Álvarez scores
Jack MacAsgill to third
Stewart Ralston to second
Pitching: RHP Donald Gregory
Batting: LHB Mario Ramos 0-0: Called Strike
0-1: Foul Ball, location: 2F
0-2: Strikes out looking
Top of the 7th over - 2 run(s), 2 hit(s), 0 error(s), 3 left on base; Grafton 9 - Phoenix 0
BOTTOM OF THE 7TH
Phoenix Hotspur batting - Pitching for Grafton Middies : LHP Allen Yohemas
Batting: LHB Arthur Ryan 0-0: Ball
1-0: Swinging Strike
1-1: DOUBLE (Line Drive, 5D)
Batting: LHB Dave Knight 0-0: Fly out, F8 (Flyball, 8LXD)
Runner from 2nd tags up, SAFE at 3rd, no throw
Batting: RHB Satoshi Terada 0-0: Ball
1-0: Fly out, F4 (Line Drive, 4)
Batting: RHB John Moore 0-0: Ball
1-0: Ball
2-0: Foul Ball, location: 2F
2-1: Ball
3-1: Base on Balls
Batting: RHB Gabriel Pérez 0-0: Called Strike
0-1: Ball
1-1: Ground out 4-3 (Groundball, 4MS)
Bottom of the 7th over - 0 run(s), 1 hit(s), 0 error(s), 2 left on base; Grafton 9 - Phoenix 0
TOP OF THE 8TH
Grafton Middies batting - Pitching for Phoenix Hotspur : RHP Donald Gregory
Batting: RHB Stefano Gaddi 0-0: Foul Ball, location: 2F
0-1: Called Strike
0-2: Ball
1-2: Ball
2-2: Foul Ball, location: 2F
2-2: Foul Ball, location: 2F
2-2: Foul Ball, location: 2F
2-2: Strikes out swinging
Batting: RHB Mark Davis 0-0: Fly out, F4 (Line Drive, 4)
Batting: RHB Pedro Santos 0-0: Called Strike
0-1: Swinging Strike
0-2: Ball
1-2: Ball
2-2: Ball
3-2: Foul Ball, location: 2F
3-2: Fly out, F9 (Popup, 89S)
Top of the 8th over - 0 run(s), 0 hit(s), 0 error(s), 0 left on base; Grafton 9 - Phoenix 0
BOTTOM OF THE 8TH
Phoenix Hotspur batting - Pitching for Grafton Middies : LHP Allen Yohemas
Batting: RHB Martín Martínez 0-0: Foul Ball, location: 2F
0-1: Called Strike
0-2: Strikes out swinging
Batting: RHB Alfredo Martínez 0-0: Called Strike
0-1: Called Strike
0-2: Strikes out swinging
Batting: RHB António Padilla 0-0: Fly out, F6 (Popup, 6M)
Bottom of the 8th over - 0 run(s), 0 hit(s), 0 error(s), 0 left on base; Grafton 9 - Phoenix 0
TOP OF THE 9TH
Grafton Middies batting - Pitching for Phoenix Hotspur : RHP Donald Gregory
Batting: SHB Curt Finley 0-0: Ball
1-0: Foul Ball, location: 2F
1-1: Foul Ball, location: 2F
1-2: Ball
2-2: SINGLE (Groundball, 4M)
Batting: RHB José Álvarez 0-0: Ball
1-0: Bunted foul
1-1: Bunted foul
1-2: Fly out, F7 (Flyball, 7M)
Batting: SHB Jack MacAsgill 0-0: Ball
1-0: Ball
2-0: Ball
3-0: Base on Balls
Curt Finley to second
Batting: RHB Stewart Ralston 0-0: Swinging Strike
0-1: Ball
1-1: Ball
2-1: Called Strike
2-2: Ball
3-2: Foul Ball, location: 2F
3-2: SINGLE (Groundball, 6MD)
Curt Finley to third
Jack MacAsgill to second
Batting: RHB Scotty Anderson 0-0: Foul Ball, location: 2F
0-1: Ball
1-1: Foul Ball, location: 2F
1-2: Fly out, F7 (Flyball, 78D)
Runner from 3rd tags up, SCORES, no throw
Pitching: RHP Rewa Malaki
Batting: LHB Mario Ramos 0-0: Called Strike
0-1: Ball
1-1: Foul Ball, location: 2F
1-2: 3-RUN HOME RUN (Flyball, 89XD), Distance : 431 ft
Batting: RHB Stefano Gaddi 0-0: Foul Ball, location: 2F
0-1: Ball
1-1: Ball
2-1: Foul Ball, location: 2F
2-2: Foul Ball, location: 2F
2-2: Ball
3-2: SINGLE (Line Drive, 6D)
Batting: RHB Mark Davis 0-0: Swinging Strike
0-1: Swinging Strike
0-2: Ball
1-2: Foul Ball, location: 2F
1-2: Foul Ball, location: 2F
1-2: Strikes out swinging
Top of the 9th over - 4 run(s), 4 hit(s), 0 error(s), 1 left on base; Grafton 13 - Phoenix 0
BOTTOM OF THE 9TH
Phoenix Hotspur batting - Pitching for Grafton Middies : LHP Allen Yohemas
Batting: LHB Rubén López 0-0: Ball
1-0: Ball
2-0: Ball
3-0: Called Strike
3-1: Called Strike
3-2: Foul Ball, location: 2F
3-2: Foul Ball, location: 2F
3-2: Ground out 1-3 (Groundball, 15S)
Pinch Hitting: RHB Randy Rehling 0-0: Called Strike
0-1: Ground out 5-3 (Groundball, 56)
Pinch Hitting: RHB Juan Aguirre 0-0: Fly out, F7 (Flyball, 78M)
Bottom of the 9th over - 0 run(s), 0 hit(s), 0 error(s), 0 left on base; Grafton 13 - Phoenix 0
This league is powered by Out of the Park Baseball, the baseball management simulation game for PC, Mac and Linux
Friday, July 8th, 2016 - OOTP Baseball 16.9 Build 39